 Dungeon Crawl Stone Soup version 0.24-a0-459-g225fefd530 (webtiles) character file.

Game seed: 667637042487308623

19800 Arthanis the Cleaver (level 12, -29/121 HPs)
             Began as a Gargoyle Berserker on June 28, 2019.
             Was a High Priest of Trog.
             Annihilated by a titanic slime creature (57 damage)
             ... on level 12 of the Dungeon.
             The game lasted 00:19:35 (7943 turns).

Arthanis the Cleaver (Gargoyle Berserker)           Turns: 7943, Time: 00:19:35

Health: -29/121    AC: 40    Str: 26    XL:     12   Next: 72%
Magic:  0/14       EV:  8    Int: 13    God:    Trog [*****.]
Gold:   814        SH:  3    Dex:  9    Spells: 11/11 levels left

rFire    . . .     SeeInvis +   b - +3 morningstar (protect)
rCold    . . .     Gourm    .   y - +1 buckler {AC+3}
rNeg     + . .     Faith    .   S - +0 plate armour
rPois    ∞         Spirit   +   (no helmet)
rElec    +         Reflect  .   i - +0 cloak
rCorr    .         Harm     .   N - +0 pair of gloves
MR       ++...                  H - +2 pair of boots {Stlth+}
Stlth    ..........             n - amulet of guardian spirit
HPRegen  1.30/turn              U - +2 ring of protection
MPRegen  0.14/turn              m - ring of see invisible

@: berserking, protection aura, regenerating, very quick
A: negative energy resistance 1, electricity resistance, unbreathing,
petrification resistance, rot immunity, AC +8
a: Berserk, Trog's Hand, Brothers in Arms, Renounce Religion


You were on level 12 of the Dungeon.
You worshipped Trog.
Trog was extremely pleased with you.
You were very hungry.

You visited 1 branch of the dungeon, and saw 12 of its levels.
You also visited: Ossuary.

You collected 814 gold pieces.

Inventory:

Hand Weapons
 a - a +0 battleaxe
 b - a +3 morningstar of protection (weapon)
 I - a cursed +3 spear of freezing
 O - the +9 rapier of the Original Sin {antimagic, *Noise rN+ Dex+3}
   (You found it on level 6 of the Dungeon)

   It reduces the magical energy of the wielder, and disrupts the spells and
   magical abilities of those hit.
   Natural abilities and divine invocations are not affected.
   It affects your dexterity (+3).
   It protects you from negative energy.
   It may make noises in combat.
 P - a +0 war axe
 X - a +2 flail of protection
Armour
 i - a +0 cloak (worn)
 y - a +1 buckler of protection (worn)
 H - a +2 pair of boots of stealth (worn)
 N - a +0 pair of gloves (worn)
 S - a +0 plate armour (worn)
 Z - a +0 buckler
Jewellery
 m - a ring of see invisible (right hand)
 n - an amulet of guardian spirit (around neck)
 v - an uncursed ring of stealth
 T - an uncursed ring of ice
 U - a +2 ring of protection (left hand)
 Y - an uncursed ring of protection from magic
Wands
 h - a wand of flame (39)
 k - a wand of digging (6)
 l - a wand of random effects (18)
 F - a wand of scattershot (1)
 Q - a wand of polymorph (7)
Scrolls
 f - 9 scrolls of remove curse
 o - 5 scrolls of fog
 p - 6 scrolls of teleportation
 s - a scroll of holy word {unknown}
 t - 3 scrolls of enchant weapon
 x - 3 scrolls of immolation
 A - a scroll of blinking {unknown}
 C - 4 scrolls of amnesia
 J - a scroll of magic mapping {unknown}
 K - 7 scrolls of enchant armour
Potions
 d - 4 potions of lignification {unknown}
 e - 7 potions of curing
 j - 3 potions of ambrosia {unknown}
 q - 4 potions of brilliance {unknown}
 r - 2 potions of cancellation {unknown}
 u - 2 potions of agility {unknown}
 w - 3 potions of flight {unknown}
 z - 3 potions of mutation {unknown}
 B - 6 potions of resistance {unknown}
 D - a potion of haste
 E - 6 potions of heal wounds
 G - 4 potions of might {unknown}
 V - 2 potions of berserk rage {unknown}
Comestibles
 c - 20 rations
 g - 5 chunks of flesh


   Skills:
 + Level 12.3 Fighting
 * Level 13.6(13.7) Axes
 - Level 2.6(9.4) Polearms
 + Level 7.2 Armour
 + Level 3.5 Dodging
 * Level 0.0 Shields
 + Level 3.9 Evocations


You had 11 spell levels left.
You didn't know any spells.
Your spell library contained the following spells:

 Spells                   Type           Power        Failure   Level  Hunger
 Beastly Appendage        Tmut           #.....       99%         1    ##.....
 Magic Dart               Conj           #...         99%         1    ##.....
 Shock                    Conj/Air       #...         99%         1    ##.....
 Blink                    Tloc           N/A          100%        2    ###....
 Call Imp                 Summ           #.......     100%        2    ###....
 Slow                     Hex            #.......     100%        2    ###....
 Sticks to Snakes         Tmut           #.......     100%        2    ###....
 Swiftness                Chrm/Air       #.......     100%        2    ###....
 Conjure Flame            Conj/Fire      #.......     100%        3    ####...
 Mephitic Cloud           Conj/Pois/Air  #.......     100%        3    ####...
 Spider Form              Tmut/Pois      #.........   100%        3    ####...
 Static Discharge         Conj/Air       #.......     100%        3    ####...
 Airstrike                Air            #.........   100%        4    #####..
 Ice Form                 Ice/Tmut       #.......     100%        4    #####..
 Blade Hands              Tmut           #.........   100%        5    ######.
 Lightning Bolt           Conj/Air       #.........   100%        5    ######.


Dungeon Overview and Level Annotations

Branches:
Dungeon (12/15)            Temple (0/1) D:4            Lair (0/6) D:8
    Orc (0/2) D:9

Altars:
Cheibriados
Dithmenos
Nemelex Xobeh
Okawaru
Trog
Xom

Shops:
D:11 :

Annotations:
D:12 2 runed translucent doors


Innate Abilities, Weirdness & Mutations

You are resistant to torment.
Your stone body is resilient. (AC +8)
You are immune to poison.
You resist negative energy. (rN+)
You are resistant to electric shocks. (rElec)
You can survive without breathing.
You are immune to petrification.
You are immune to rotting.


Message History

The crimson imp lashes its tail.
You block the hound's attack.
You sock the titanic slime creature!
The titanic slime creature is heavily wounded.
You block the titanic slime creature's attack.
The hound barely misses you.
You sock the titanic slime creature!
The titanic slime creature is heavily wounded.
The crimson imp grinds its teeth.
The hound bites you but does no damage.
The titanic slime creature barely misses you.
You puncture the titanic slime creature!
The titanic slime creature is heavily wounded.
The hound bites you.
* * * LOW HITPOINT WARNING * * *
The crimson imp blinks!
You bludgeon the titanic slime creature!!
The titanic slime creature is severely wounded.
The titanic slime creature hits you!!!
You die...

############ #.......##..
#####.......''..
##...........##..
#........##'###.. . #........##.#
#.. ... #........##.# #..
.....###...5....##.###..
.....JJ@§............>..
......##hO.#######......
............... ..(.... #######
#########################
.......##(.##...........(...## ##
.###$...##..##...###.###..(..###.
.)#......##...##..# #..)...(#..
.##...u#..##.O....## ##..#.#..((.
)#......#..#lu####.# #......#...#


You could see a titanic slime creature, a slime creature, an ogre, a hound and a
crimson imp.

Vanquished Creatures
  A hydra (D:12)
  Erica (D:10)
  A two-headed ogre (D:10)
  2 unseen horrors
  A wolf spider (D:12)
  A deep elf mage (D:11)
  3 ugly things
  A cyclops (D:12)
  Joseph (D:10)
  Maurice (D:12)
  A kobold demonologist (D:11)
  Prince Ribbit (D:7)
  Grinder (D:3)
  A hippogriff (D:12)
  Sigmund (D:2)
  2 shadows (D:12)
  A wraith (D:10)
  3 wyverns (D:12)
  10 yaks (D:10)
  A human (D:7)
  Eustachio (D:5)
  4 hogs (D:7)
  A steam dragon (D:11)
  Grum (D:11)
  Menkaure (D:5)
  Duvessa (D:5)
  A swamp drake (D:9)
  7 orc warriors
  6 ice beasts
  4 sky beasts
  2 phantoms (D:4)
  3 black bears
  3 ogres
  4 wolves (D:11)
  3 centaurs
  An elf zombie (Ossuary)
  3 big kobolds (D:11)
  8 bullfrogs
  A wyvern zombie (D:10)
  3 scorpions
  Dowan (D:5)
  5 killer bees
  27 wights
  3 howler monkeys (D:9)
  3 jellies
  A centaur zombie (D:6)
  2 crimson imps (D:12)
  4 bullfrog zombies
  4 hounds
  2 bullfrog skeletons
  5 orc priests
  11 orc wizards
  4 centaur skeletons
  3 iguanas
  Ijyb (D:5)
  Terence (D:2)
  9 worker ants
  A killer bee zombie (D:6)
  3 hound zombies
  5 mummies
  A worker ant zombie (D:11)
  17 adders
  3 shadow imps
  4 adder skeletons
  An adder zombie (Ossuary)
  3 worms
  2 dart slugs
  2 leopard geckos
  33 orcs
  A ball python (D:2)
  6 bats
  4 giant cockroaches
  A gnoll zombie (Ossuary)
  7 goblins
  10 hobgoblins
  7 jackals
  6 quokkas
  4 frilled lizards
  A goblin zombie (Ossuary)
  2 hobgoblin zombies (Ossuary)
  A jackal zombie (Ossuary)
  11 kobolds
  4 kobold zombies
  2 leopard gecko skeletons (D:4)
  10 rats
  A rat zombie (Ossuary)
332 creatures vanquished.

Vanquished Creatures (collateral kills)
  A great orb of eyes (D:12)
  2 hydras (D:12)
  A manticore (D:12)
  A gargoyle (D:12)
  A hungry ghost (D:8)
  A bullfrog (D:12)
  A killer bee (D:12)
  A centaur skeleton (D:12)
9 creatures vanquished.

Grand Total: 341 creatures vanquished

Notes
Turn   | Place    | Note
-------+----------+-------------------------------------------
     0 | D:1      | Arthanis the Gargoyle Berserker began the quest for the
                  | Orb.
     0 | D:1      | Reached XP level 1. HP: 14/14 MP: 1/1
    51 | D:1      | Reached XP level 2. HP: 19/19 MP: 2/2
   534 | D:1      | Reached ** piety under Trog
   547 | D:1      | Reached XP level 3. HP: 24/24 MP: 3/3
   607 | D:2      | Noticed Sigmund
   608 | D:2      | Noticed Terence
   615 | D:2      | Killed Sigmund
   615 | D:2      | Reached skill level 2 in Axes
   615 | D:2      | Reached XP level 4. HP: 30/30 MP: 4/4
   615 | D:2      | Reached XP level 5. HP: 34/34 MP: 5/5
   617 | D:2      | Killed Terence
   621 | D:2      | Reached skill level 3 in Axes
   621 | D:2      | Reached XP level 6. HP: 39/39 MP: 6/6
   771 | D:2      | Found a sparkling altar of Nemelex Xobeh.
   943 | D:2      | Found a shimmering altar of Xom.
  1275 | D:3      | Reached skill level 5 in Fighting
  1318 | D:3      | Reached *** piety under Trog
  1331 | D:3      | Noticed Grinder
  1343 | D:3      | Paralysed by Grinder for 6 turns
  1351 | D:3      | Killed Grinder
  1351 | D:3      | Reached skill level 4 in Axes
  1351 | D:3      | Reached XP level 7. HP: 20/44 MP: 4/7
  1393 | D:3      | Found a snail-covered altar of Cheibriados.
  1769 | D:4      | Found a staircase to the Ecumenical Temple.
  1802 | D:4      | Reached skill level 5 in Armour
  1860 | D:4      | Reached skill level 5 in Axes
  1968 | D:4      | Reached XP level 8. HP: 45/51 MP: 8/8
  2291 | D:5      | Entered Level 5 of the Dungeon
  2338 | D:5      | Noticed Eustachio
  2366 | D:5      | Killed Eustachio
  2378 | D:5      | Noticed Ijyb
  2379 | D:5      | Noticed Menkaure
  2393 | D:5      | Killed Ijyb
  2398 | D:5      | Killed Menkaure
  2398 | D:5      | Reached skill level 1 in Evocations
  2602 | D:5      | Noticed Dowan
  2603 | D:5      | Noticed Duvessa
  2615 | D:5      | Killed Dowan
  2624 | D:5      | Killed Duvessa
  2624 | D:5      | Reached skill level 6 in Axes
  3045 | D:6      | Reached XP level 9. HP: 56/56 MP: 10/10
  3076 | D:6      | Got a crystal rapier
  3079 | D:6      | Reached skill level 7 in Axes
  3103 | D:6      | Found a bloodstained altar of Trog.
  3215 | D:6      | Reached **** piety under Trog
  3557 | D:7      | Reached skill level 8 in Axes
  3568 | D:7      | Found a sand-covered staircase.
  3575 | Ossuary  | Entered an ossuary
  3874 | D:7      | Reached skill level 9 in Axes
  3877 | D:7      | Reached XP level 10. HP: 65/65 MP: 11/11
  4059 | D:7      | Reached ***** piety under Trog
  4336 | D:7      | Noticed Prince Ribbit
  4349 | D:7      | Killed Prince Ribbit
  4479 | D:8      | Reached skill level 10 in Axes
  4507 | D:8      | Noticed a white ugly thing
  4516 | D:8      | Killed a white ugly thing
  4618 | D:8      | Found a staircase to the Lair.
  4977 | D:9      | Reached skill level 10 in Fighting
  4988 | D:9      | Found an iron altar of Okawaru.
  5438 | D:9      | Reached skill level 11 in Axes
  5496 | D:9      | Found a staircase to the Orcish Mines.
  5513 | D:9      | Reached XP level 11. HP: 47/72 MP: 10/12
  5632 | D:10     | Entered Level 10 of the Dungeon
  5713 | D:10     | Noticed Joseph
  5718 | D:10     | Noticed Erica
  5729 | D:10     | Killed Joseph
  5741 | D:10     | Killed Erica
  5950 | D:10     | Noticed an unseen horror
  5957 | D:10     | Killed an unseen horror
  5957 | D:10     | Reached skill level 12 in Axes
  6399 | D:10     | Reached ****** piety under Trog
  6556 | D:10     | Noticed a two-headed ogre
  6563 | D:10     | Killed a two-headed ogre
  6627 | D:11     | Noticed Grum
  6630 | D:11     | Received a gift from Trog
  6653 | D:11     | Killed Grum
  6727 | D:11     | Noticed a cyan ugly thing
  6739 | D:11     | Killed a cyan ugly thing
  6750 | D:11     | Identified the +9 rapier of the Original Sin {antimagic,
                  | *Noise rN+ Dex+3} (You found it on level 6 of the Dungeon)
  6781 | D:11     | Noticed a red ugly thing
  6796 | D:11     | Killed a red ugly thing
  6851 | D:11     | Noticed a deep elf mage
  6865 | D:11     | Killed a deep elf mage
  6865 | D:11     | Reached XP level 12. HP: 68/80 MP: 9/13
  6884 | D:11     | Reached skill level 13 in Axes
  6887 | D:11     | Found Fejeel's Book Emporium.
  7431 | D:12     | Found a runed translucent door.
  7431 | D:12     | Found a runed translucent door.
  7486 | D:12     | Noticed a great orb of eyes
  7489 | D:12     | Noticed a five-headed hydra
  7495 | D:12     | Noticed a two-headed ogre
  7495 | D:12     | Killed a great orb of eyes
  7498 | D:12     | Killed a four-headed hydra
  7514 | D:12     | Noticed a six-headed hydra
  7517 | D:12     | Found a shadowy altar of Dithmenos.
  7517 | D:12     | Noticed Maurice
  7529 | D:12     | Killed Maurice
  7540 | D:12     | Killed a six-headed hydra
  7574 | D:12     | Killed an unseen horror
  7716 | D:12     | Noticed a five-headed hydra
  7724 | D:12     | Killed a five-headed hydra
  7890 | D:12     | Identified 2 scrolls of acquirement
  7943 | D:12     | Annihilated by a titanic slime creature

Levels and vault maps discovered:
D:1:      shiori_shiawase, layout_basic
D:2:      layout_rooms, nemelex_xobeh_ov_fountains_minmay, xom_teletrap_fun,
          uniq_terence, uniq_sigmund
D:3:      layout_rooms, kennysheep_slug_shrine, first_ration, uniq_grinder
D:4:      layout_loops_cross, minmay_temple_entry_glass
D:5:      layout_loops_cross, uniq_eustachio, uniq_ijyb, uniq_menkaure,
          uniq_duvessa
D:6:      layout_cave_pools, trog_butcher_becter
D:7:      layout_basic, nicolae_ossuary_entry_giza, grunt_livestock,
          uniq_prince_ribbit1
D:8:      layout_cave_pools, lair_entry_dummy
D:9:      layout_roguey, okawaru_ov_weapons_minmay, erik_orc_1
D:10:     layout_loops_corners, minmay_orc_keep, uniq_erica, uniq_joseph
D:11:     layout_irregular_city, serial_shops,
          nicolae_shop_competitors_out_of_business, kennysheep_generic_room_11,
          uniq_grum
D:12:     minmay_the_grid_triangle_9x9_line_8_mashed
          [minmay_the_grid_triangle_9x9_negative_grid,
          minmay_the_grid_triangle_9x9_sprig,
          minmay_the_grid_triangle_9x9_descending_squares,
          minmay_the_grid_triangle_9x9_windchime,
          minmay_the_grid_triangle_9x9_tough_junction,
          minmay_the_grid_triangle_9x9_semitri,
          minmay_the_grid_triangle_9x9_empty,
          minmay_the_grid_triangle_9x9_prize_top_heavy], layout_basic,
          nicolae_dithmenos_shadow_blocks, uniq_maurice

Skill      XL: |  1  2  3  4  5  6  7  8  9 10 11 12 |
---------------+-------------------------------------+-----
Dodging        | 2 3 |  3.5
Fighting       | 4 5 6 8 10 11 12 | 12.3
Axes           | 2 3 4 5 6 9 11 12 13 | 13.6
Armour         | 3 4 5 6 7 |  7.2
Evocations     | 2 3 |  3.9
Polearms       | |  2.6

Action                   |  1- 3 |  4- 6 |  7- 9 | 10-12 || total
-------------------------+-------+-------+-------+-------++-------
Melee: Spear             |    35 |       |       |       ||    35
       Hand axe          |    17 |   109 |       |       ||   126
       Battleaxe         |       |    35 |   291 |   661 ||   987
       Morningstar       |       |       |       |    76 ||    76
Invok: Berserk           |     1 |     1 |     5 |    17 ||    24
       Trog's Hand       |       |     1 |     2 |     6 ||     9
       Brothers in Arms  |       |       |       |     3 ||     3
Evoke: Wand              |       |       |       |     5 ||     5
  Use: Scroll            |       |     1 |     1 |    12 ||    14
       Potion            |       |       |     1 |       ||     1
 Stab: Sleeping          |       |     2 |       |       ||     2
       Distracted        |       |     1 |       |       ||     1
  Eat: Chunk             |       |     3 |    11 |    32 ||    46
       Ration            |       |       |     1 |     5 ||     6
Armor: Animal skin       |    14 |    19 |       |       ||    33
       Scale mail        |       |    92 |   152 |       ||   244
       Plate armour      |       |       |   108 |   822 ||   930
Dodge: Dodged            |    22 |    94 |   213 |   409 ||   738
Block: Buckler           |       |       |       |     2 ||     2

Table legend:
 A = Non-vault XP
 B = Vault XP
 C = Vault XP percentage of total XP
 D = Non-vault monster count
 E = Vault monster count
 F = Vault count percentage of total count
                 A         B        C        D         E       F
            +---------+---------+-------+---------+---------+-------
      Total |   17436 |   10850 |  38.4 |     248 |      93 |  27.3
            +---------+---------+-------+---------+---------+-------
        D:1 |      35 |       0 |   0.0 |      20 |       0 |   0.0
        D:2 |      83 |     259 |  75.7 |      25 |       2 |   7.4
        D:3 |     153 |     299 |  66.2 |      21 |       2 |   8.7
        D:4 |     482 |       0 |   0.0 |      15 |       0 |   0.0
        D:5 |     138 |     610 |  81.6 |       2 |       5 |  71.4
        D:6 |     822 |     237 |  22.4 |      12 |       4 |  25.0
        D:7 |    1275 |    1312 |  50.7 |      33 |       9 |  21.4
        D:8 |    1431 |       0 |   0.0 |      14 |       0 |   0.0
        D:9 |    1365 |     577 |  29.7 |      21 |      17 |  44.7
       D:10 |    5068 |    1701 |  25.1 |      41 |      11 |  21.2
       D:11 |    2976 |     862 |  22.5 |      19 |       7 |  26.9
       D:12 |    3608 |    4771 |  56.9 |      25 |      20 |  44.4
    Ossuary |       0 |     222 | 100.0 |       0 |      16 | 100.0
            +---------+---------+-------+---------+---------+-------
